 Dungeon Crawl Stone Soup version 0.21.1-1-g345015f (webtiles) character file.

95 raph the Chiller (level 4, -1/30 HPs)
             Began as a Merfolk Ice Elementalist on June 7, 2018.
             Killed from afar by nicolaieve's ghost (6 damage)
             ... with a magic dart
             ... on level 3 of the Dungeon on June 8, 2018.
             The game lasted 00:06:12 (2711 turns).

raph the Chiller (Merfolk Ice Elementalist)         Turns: 2711, Time: 00:06:12

Health: -1/30      AC:  8    Str:  8    XL:     4   Next: 66%
Magic:  0/8        EV: 14    Int: 15    God:
Gold:   42         SH:  0    Dex: 14    Spells: 2/8 levels left

rFire    . . .     SeeInvis +   h - -2 whip (curse)
rCold    . . .     Gourm    .   (no shield)
rNeg     . . .     Faith    .   a - +0 robe
rPois    .         Spirit   .   (no helmet)
rElec    .         Reflect  .   (no cloak)
rCorr    .         Harm     .   (no gloves)
MR       .....                  n - +0 pair of boots
Stlth    ++........             (no amulet)
HPRegen  0.10/turn              l - ring of see invisible
MPRegen  0.11/turn              (no ring)

@: icy armour, very slightly contaminated, slow
A: change form in water, swift swim, stealthy swim
a: no special abilities


You were on level 3 of the Dungeon.
You were hungry.

You visited 1 branch of the dungeon, and saw 3 of its levels.

You collected 42 gold pieces.

Inventory:

Hand Weapons
 h - a cursed -2 whip (weapon)
Missiles
 j - 5 stones (quivered)
Armour
 a - a +0 robe (worn)
 n - a +0 pair of boots (worn)
 o - a +0 helmet
Jewellery
 l - a ring of see invisible (left hand)
Scrolls
 e - 3 scrolls of identify {unknown}
 f - 2 scrolls of remove curse {unknown}
 i - a scroll of random uselessness {unknown}
 k - a scroll of fog {unknown}
 m - a scroll of teleportation {unknown}
Potions
 g - 2 potions of berserk rage {unknown}
Books
 b - a book of Frost

   Spells                             Type                      Level
   a - Freeze                         Ice                          1
   b - Throw Frost                    Conjuration/Ice              2
   c - Ozocubu's Armour               Charms/Ice                   3
   d - Throw Icicle                   Conjuration/Ice              4
   e - Summon Ice Beast               Ice/Summoning                4
Comestibles
 c - 3 rations


   Skills:
 + Level 3.7 Dodging
 - Level 2.1 Stealth
 + Level 2.6 Spellcasting
 - Level 0.7 Conjurations
 + Level 1.0 Charms
 * Level 4.6 Ice Magic


You had 2 spell levels left.
You knew the following spells:

 Your Spells              Type           Power        Failure   Level  Hunger
a - Freeze                Ice            ###.         3%          1    #......
b - Throw Frost           Conj/Ice       ##....       11%         2    ##.....
c - Ozocubu's Armour      Chrm/Ice       ##......     19%         3    ###....


Dungeon Overview and Level Annotations

Branches:
Dungeon (3/15)

Altars:

Annotations:
D:3 nicolaieve's ghost, amateur DECj


Message History

Aiming: Freeze
Press: ? - help, Shift-Dir - straight line, f/p - gnoll
Aim: a gnoll (almost dead)
You freeze the gnoll.
You kill the gnoll!
The hobgoblin shouts!
The gnoll hits you from afar with a spear.
* * * LOW HITPOINT WARNING * * *
Blink to where?
Press: ? - help, Dir - move target cursor You are very lightly contaminated with residual magic.
As you read the scroll labeled IWNUAC MEOBBI, it crumbles to dust.
It was a scroll of blinking.
A hobgoblin and a player ghost come into view.
Found a stone staircase leading up.
The hobgoblin shouts!
The hobgoblin closely misses you.
Nicolaieve's ghost casts a spell at you.
The magic dart hits you!
You die...

##........#
.........# #
#...<....#
.#........#
...#.....#
########.......#
#......##......#
.###........W@...=#
...$.........g....#
##.........g....#
#.K........#####
#.....gK...#
##.....>....#
#).g........#
##...........#
##....#.......#


You could see nicolaieve's ghost, a gnoll, 2 hobgoblins and a kobold.

Vanquished Creatures
  3 adders
  A gnoll (D:3)
  A worm (D:2)
  2 dart slugs (D:1)
  4 leopard geckos
  7 bats
  7 goblins
  2 hobgoblins (D:1)
  3 jackals (D:1)
  3 frilled lizards (D:1)
  5 kobolds
  11 rats
49 creatures vanquished.

Notes
Turn   | Place    | Note
-------+----------+-------------------------------------------
     0 | D:1      | raph the Merfolk Ice Elementalist began the quest for the Orb.
     0 | D:1      | Reached XP level 1. HP: 13/13 MP: 3/3
   320 | D:1      | Reached XP level 2. HP: 19/19 MP: 1/5
   709 | D:1      | Learned a level 2 spell: Throw Frost
   788 | D:1      | Reached skill level 4 in Ice Magic
   788 | D:1      | Reached XP level 3. HP: 24/24 MP: 3/6
  1503 | D:1      | Learned a level 3 spell: Ozocubu's Armour
  2167 | D:2      | Reached XP level 4. HP: 30/30 MP: 5/7
  2648 | D:3      | Reached skill level 1 in Charms
  2708 | D:3      | Noticed nicolaieve's ghost (amateur DECj)
  2711 | D:3      | Killed from afar by nicolaieve's ghost

Skill      XL: |  1  2  3  4 |
---------------+-------------+-----
Dodging        | 3 |  3.7
Ice Magic      | 4 |  4.6
Charms         | 1 |  1.0
Stealth        | |  2.1
Spellcasting   | |  2.6
Conjurations   | |  0.7

Action                   |  1- 3 |  4- 6 || total
-------------------------+-------+-------++-------
Melee: Unarmed           |    23 |       ||    23
       Whip              |     3 |     5 ||     8
 Cast: Freeze            |    56 |    20 ||    76
       Throw Frost       |       |     2 ||     2
       Ozocubu's Armour  |       |     1 ||     1
  Use: Scroll            |       |     1 ||     1
 Stab: Sleeping          |     2 |       ||     2
  Eat: Chunk             |     5 |     1 ||     6
Armor: Robe              |    20 |     2 ||    22
Dodge: Dodged            |    69 |    17 ||    86
